 Dungeon Crawl Stone Soup version 0.24.0-37-gcf1ca852f1 (webtiles) character file.

Game seed: 10764752468465067028, levelgen mode: deterministic

80 Delamore the Chopper (level 4, -6/39 HPs)
             Began as a Hill Orc Fighter on Nov 25, 2019.
             Mangled by Crazy Yiuf
             ... wielding a +2 quarterstaff of chaos
              (10 damage)
             ... on level 2 of the Dungeon.
             The game lasted 00:01:43 (1675 turns).

Delamore the Chopper (Hill Orc Fighter)             Turns: 1675, Time: 00:01:44

Health: -6/39      AC:  6    Str: 19    XL:     4   Next: 39%
Magic:  4/4        EV:  7    Int:  8    God:
Gold:   103        SH:  9    Dex: 10    Spells: 3/3 levels left

rFire    . . .     SeeInvis .   a - +0 war axe
rCold    . . .     Gourm    .   c - +0 shield
rNeg     . . .     Faith    .   b - +0 scale mail
rPois    .         Spirit   .   (no helmet)
rElec    .         Reflect  .   (no cloak)
rCorr    .         Harm     .   (no gloves)
MR       .....                  (no boots)
Stlth    ..........             (no amulet)
HPRegen  0.13/turn              (no ring)
MPRegen  0.09/turn              (no ring)

@: lightly drained
A: no striking features
a: no special abilities


You were on level 2 of the Dungeon.
You were near starving.

You visited 1 branch of the dungeon, and saw 4 of its levels.

You collected 103 gold pieces.

Inventory:

Hand Weapons
 a - a +0 war axe (weapon)
Missiles
 l - 13 poisoned darts (quivered)
Armour
 b - a +0 scale mail (worn)
 c - a +0 shield (worn)
Scrolls
 g - 2 scrolls of enchant weapon {unknown}
 k - 2 scrolls of remove curse {unknown}
 m - 3 scrolls of identify {unknown}
 n - a scroll of enchant armour {unknown}
 p - a scroll of noise {unknown}
 r - a scroll of teleportation {unknown}
Potions
 d - 2 potions of might
 e - a potion of invisibility {unknown}
 h - a potion of lignification {unknown}
 i - a potion of ambrosia {unknown}
 j - a potion of resistance {unknown}
 o - a potion of haste {unknown}
 q - 2 potions of flight {unknown}
Comestibles
 f - 6 rations


   Skills:
 - Level 3.6(3.2) Fighting
 + Level 6.0(5.6) Axes
 - Level 3.2(2.9) Armour
 - Level 3.2(2.9) Shields


You had 3 spell levels left.
You didn't know any spells.
Your spell library contained the following spells:

 Spells                   Type           Power        Failure   Level  Hunger
 Corona                   Hex            #......      99%         1    ##.....
 Ensorcelled Hibernation  Hex/Ice        #.....       100%        2    ###....
 Confuse                  Hex            #.......     100%        3    ####...
 Dazzling Spray           Conj/Hex       #.....       100%        3    ####...
 Tukima's Dance           Hex            #.......     100%        3    ####...


Dungeon Overview and Level Annotations

Branches:
Dungeon (4/15)
 Temple: D:4-7

Altars:

Annotations:
D:2 Crazy Yiuf


Message History

You open the door.
There is an open door here.
There is an open door here.
Found 23 stones.
Found a stone staircase leading up.
You see here 23 sling bullets.
You are near starving!
Crazy Yiuf shouts!
You open the door. You slash Crazy Yiuf!
Crazy Yiuf is moderately wounded.
Crazy Yiuf cries, "You leg down broken song, no?"
Crazy Yiuf hits you with a +2 quarterstaff of chaos!
You feel drained.
You slash Crazy Yiuf!
Crazy Yiuf is almost dead.
Crazy Yiuf hits you with a +2 quarterstaff of chaos!
You are electrocuted!
* * * LOW HITPOINT WARNING * * *
Crazy Yiuf hits you with a +2 quarterstaff of chaos!
You die...

.# .# .# .# .# .# ####
.# ### ♣♣##..##### ##
##### #)..#♣♣
♣♣.#...#...## #>..#
#...g@♣♣♣♣.♣....#.#...
#...#
#...#♣..♣.......#.####
#...# ###
♣♣♣.♣..#.#.#..(.. ###.#
♣♣♣♣♣###.###### #.#
#.###### #.# ### ###
#.......
########.######.#####.#
########
.....................>#
.#############.......##
###


You could see Crazy Yiuf.

Vanquished Creatures
  An adder (D:4)
  2 oozes
  3 worms (D:2)
  2 dart slugs
  2 leopard geckos (D:2)
  4 giant cockroaches
  3 hobgoblins (D:1)
  6 jackals (D:1)
  8 kobolds
  A ball python (D:1)
  4 bats
  A frilled lizard (D:1)
  5 goblins
  4 rats
46 creatures vanquished.

Notes
Turn   | Place    | Note
-------+----------+-------------------------------------------
     0 | D:1      | Delamore the Hill Orc Fighter began the quest for the Orb.
     0 | D:1      | Reached XP level 1. HP: 19/19 MP: 1/1
    17 | D:1      | Reached skill level 3 in Axes
    59 | D:1      | Reached XP level 2. HP: 24/26 MP: 2/2
   127 | D:1      | Reached skill level 4 in Axes
   289 | D:1      | Reached XP level 3. HP: 22/31 MP: 3/3
   815 | D:2      | Reached skill level 5 in Axes
  1023 | D:2      | Reached XP level 4. HP: 38/39 MP: 4/4
  1217 | D:2      | Found a runed translucent door.
  1217 | D:2      | You fall into a shaft and drop 2 floors!
  1458 | D:3      | Reached skill level 6 in Axes
  1670 | D:2      | Noticed Crazy Yiuf
  1675 | D:2      | Mangled by Crazy Yiuf

Levels and vault maps discovered:
D:1:      lemuel_arrival_hallway, layout_rooms, chequers_serial_rivers_marsh,
          interstate_on_off, minivault_14, corexii_hall_statues_i,
          minmay_misc_feat_enclosed
D:2:      layout_basic, first_ration, uniq_crazy_yiuf_cottage
D:3:      layout_rooms, zin_treasury, gammafunk_temple_overflow_wave, uniq_robin
D:4:      layout_gridville

Skill      XL: |  1  2  3  4 |
---------------+-------------+-----
Axes           | 3 4 5 6 |  6.0
Fighting       | |  3.6
Armour         | |  3.2
Shields        | |  3.2

Action                   |  1- 3 |  4- 6 || total
-------------------------+-------+-------++-------
Melee: War axe           |    95 |    28 ||   123
  Eat: Chunk             |     1 |       ||     1
Armor: Scale mail        |    45 |    11 ||    56
Dodge: Dodged            |    38 |     7 ||    45
Block: Shield            |    69 |     9 ||    78
